Wilds vs Golden Knights

Created - 6 février 2022 at 16:37

Goals
1 2 3 T
Wilds 1 0 0 1
Golden Knights 1 1 1 3
Shots
1 2 3 T
Wilds 9 4 9 22
Golden Knights 15 15 4 34

GoalsPenalties
1st period
1. Wilds , Adam Erne 5 (Nick Leddy 24, Jesper Fast 9) at 2:57
2. Golden Knights , Blake Comeau 13 (Mark Pysyk 17, Evgenii Dadonov 21) at 17:00
No Penalty
2nd period
3. Golden Knights , Sam Bennett 8 (Tyler Myers 27, Evgenii Dadonov 22) at 12:09 (PP)
Luca Sbisa (MIN) for Roughing (Minor) at 5:56
Jason Zucker (MIN) for Holding (Minor) at 11:49
Kevin Shattenkirk (MIN) for Interference (Minor) at 14:25
Matt Duchene (VGK) for Roughing (Minor) at 19:57
Luca Sbisa (MIN) for Interference (Minor) at 19:57
3rd period
4. Golden Knights , Artem Anisimov 10 (Mark Pysyk 18) at 6:43
Kevin Shattenkirk (MIN) for Hooking (Minor) at 3:21
Matt Tennyson (VGK) for Tripping (Minor) at 7:22
Tyler Lewington (VGK) for Interference (Minor) at 10:53
Goalie Stats
Devan Dubnyk (MIN), 31 saves from 34 shots - (0,912), L, 14-16-4, 60:00 minutes
Jonathan Bernier (VGK), 21 saves from 22 shots - (0,955), W, 12-14-0, 60:00 minutes
3 StarsOfficial
1 - Mark Pysyk (VGK)
2 - Sam Bennett (VGK)
3 - Blake Comeau (VGK)
Referees : Gord Dwyer and Jacob Brenk
Linesman : Jay Sharrers and Bryan Pancich
Game Note
No Game Note



Team Name Goals Shots Shots Attemp Shots Blocked PIM HIT PP PK FO%
Wilds 122531010190 / 2 (0%)142%
Golden Knights 33470136211 / 4 (25%)058%

Wilds
Player Name POS G A P +/- PIM HIT SHT SB MP PP MP PP SHT PK MP PK SHT FO% FOT
Adam ErneLW1010012012:360:0000:0000% 0
Anthony AngelloC000000009:540:0000:0000% 0
Bobby RyanRW0000011013:051:4100:0000% 0
Brandon SutterC/RW000-1003121:242:1713:55050% 36
Charles HudonLW/RW0000004111:560:0000:3200% 0
Drake BathersonRW000-1044017:292:1700:0000% 3
Ethan BearD0000020221:540:0002:5300% 0
Jason ZuckerLW/RW000-1224016:452:1720:0000% 0
Jesper FastRW0110010017:050:0004:2700% 2
Jordan KyrouC/LW/RW0000002014:561:4110:00029% 14
Jordie BennD0000000219:370:0003:2400% 0
Josh LeivoLW/RW000000009:540:0000:0000% 1
Kevin ShattenkirkD0000430017:091:4100:0000% 0
Luca SbisaD000-1431422:432:1711:3800% 0
Nick LeddyD011-1010020:332:1703:4500% 0
Nico SturmC/LW0000010014:551:4101:50046% 13
Rasmus AsplundC/LW/RW0000001011:440:0001:50050% 12
Shayne GostisbehereD0000000018:001:4100:5400% 0
Golden Knights
Player Name POS G A P +/- PIM HIT SHT SB MP PP MP PP SHT PK MP PK SHT FO% FOT
Adam GaudetteC0000001011:130:0001:5200% 2
Anthony DuclairLW/RW0000032120:252:4812:060100% 1
Artem AnisimovC/LW1010003016:592:4810:00067% 3
Blake ComeauLW/RW1011012017:043:2900:0000% 0
Cale MakarD000-1002126:032:5522:0600% 0
Cody EakinC000001118:010:0000:00071% 14
Evgenii DadonovLW/RW0221003017:433:2900:0000% 0
Jake WalmanD0000011118:533:2211:5200% 0
Janne KuokkanenC/LW000000008:010:0000:0000% 0
Jordan MartinookC/LW/RW0000011014:050:0002:06069% 16
Mark PysykD0222010020:323:2202:0600% 0
Matt DucheneC/LW0000234018:502:4811:52045% 20
Matt TennysonD0000211313:380:0000:0000% 0
Max ComtoisLW/RW0000002011:590:0000:0000% 0
Sam BennettC/LW/RW1011026017:433:2930:00056% 25
Tanner JeannotLW0000003011:590:0000:0000% 0
Tyler LewingtonD0002231315:030:0000:0000% 0
Tyler MyersD011-1041325:492:5511:5200% 0

Wilds

5 vs 5 Forward
Line #Left WingCenterRight WingPHYDFOFWanted %Time %Time Play
1Jason ZuckerBrandon SutterDrake Batherson1222929%13:52
2Adam ErneJordan KyrouJesper Fast1222726%12:36
3Charles HudonNico SturmBobby Ryan1222424%11:24
4Josh LeivoRasmus AsplundAnthony Angello1222021%9:54
5 vs 5 Defense
Line #DefenseDefensePHYDFOFWanted %Time %Time Play
1Luca SbisaNick Leddy1223030%14:29
2Shayne GostisbehereEthan Bear1222829%14:03
3Jordie BennKevin Shattenkirk1222631%14:53
4Luca SbisaEthan Bear122169%4:21
Power Play Forward
Line #Left WingCenterRight WingPHYDFOFWanted %Time %Time Play
1Jason ZuckerBrandon SutterDrake Batherson1135558%2:17
2Jordan KyrouNico SturmBobby Ryan1134542%1:41
Power Play Defense
Line #DefenseDefensePHYDFOFWanted %Time %Time Play
1Shayne GostisbehereKevin Shattenkirk0235842%1:41
2Luca SbisaNick Leddy0234258%2:17
Penalty Kill 4 Players Forward
Line #CenterWingPHYDFOFWanted %Time %Time Play
1Brandon SutterJesper Fast1315871%4:27
2Rasmus AsplundNico Sturm1314229%1:50
Penalty Kill 4 Players Defense
Line #DefenseDefensePHYDFOFWanted %Time %Time Play
1Luca SbisaJordie Benn2215554%3:24
2Ethan BearNick Leddy2214546%2:53
Penalty Kill 3 Players
Line #WingPHYDFOFWanted %Time %Time PlayDefenseDefensePHYDFOFWanted %Time %Time Play
1Brandon Sutter140580%0:00 Jordie BennEthan Bear230540%0:00
2Nico Sturm140420%0:00 Luca SbisaKevin Shattenkirk230460%0:00
4 vs 4 Forward
Line #CenterWingPHYDFOFWanted %Time %Time Play
1Brandon SutterDrake Batherson1225067%1:20
2Jordan KyrouJason Zucker1225033%0:39
4 vs 4 Defense
Line #DefensePHYDFOFWanted %Time %Time Play
1Luca SbisaShayne Gostisbehere1225369%53% - 1:22
2Ethan BearKevin Shattenkirk1224731%47% - 0:37
Last Minutes Offensive
Left WingCenterRight WingDefenseDefense
Bobby RyanJordan KyrouDrake BathersonKevin ShattenkirkShayne Gostisbehere
Last Minutes Defensive
Left WingCenterRight WingDefenseDefense
Jesper FastBrandon SutterRasmus AsplundJordie BennEthan Bear
Time
Total ForwardTotal DefenseLast Minutes OffensiveLast Minutes Defensive
60:00 60:00 0:000:00
Extra Forwards
Normal PowerPlayPenalty Kill
Jesper Fast, Nico Sturm, Drake BathersonJesper Fast, Charles HudonCharles Hudon
Extra Defensemen
Normal PowerPlayPenalty Kill
Jordie Benn, Kevin Shattenkirk, Shayne GostisbehereEthan Bear, Shayne GostisbehereJordie Benn
Penalty Shots
Drake Batherson, Jason Zucker, Brandon Sutter, Jordan Kyrou, Bobby Ryan
Goalie
Devan Dubnyk, Carter Hutton
Custom OT Lines Forwards
Drake Batherson, Jason Zucker, Brandon Sutter, Jordan Kyrou, Jesper Fast, Bobby Ryan, Nico Sturm, Charles Hudon, Adam Erne, Rasmus Asplund
Custom OT Lines Defensemen
Luca Sbisa, Nick Leddy, Shayne Gostisbehere, Kevin Shattenkirk, Ethan Bear
Scratches
Oliver Kylington (Healthy), Mike Green (Healthy)

Golden Knights

5 vs 5 Forward
Line #Left WingCenterRight WingPHYDFOFWanted %Time %Time Play
1Artem AnisimovMatt DucheneAnthony Duclair1223030%14:11
2Evgenii DadonovSam BennettBlake Comeau1223028%13:35
3Max ComtoisJordan MartinookTanner Jeannot1222425%11:59
4Adam GaudetteCody EakinJanne Kuokkanen1221617%8:01
5 vs 5 Defense
Line #DefenseDefensePHYDFOFWanted %Time %Time Play
1Cale MakarTyler Myers1223029%13:57
2Tyler LewingtonMark Pysyk1223030%14:25
3Matt TennysonJake Walman1222429%13:39
4Cale MakarTyler Myers1221612%5:45
Power Play Forward
Line #Left WingCenterRight WingPHYDFOFWanted %Time %Time Play
1Artem AnisimovMatt DucheneAnthony Duclair1225045%2:48
2Evgenii DadonovSam BennettBlake Comeau1225055%3:29
Power Play Defense
Line #DefenseDefensePHYDFOFWanted %Time %Time Play
1Cale MakarTyler Myers1225046%2:55
2Jake WalmanMark Pysyk1225054%3:22
Penalty Kill 4 Players Forward
Line #CenterWingPHYDFOFWanted %Time %Time Play
1Jordan MartinookAnthony Duclair1225053%2:06
2Matt DucheneAdam Gaudette1225047%1:52
Penalty Kill 4 Players Defense
Line #DefenseDefensePHYDFOFWanted %Time %Time Play
1Tyler MyersJake Walman1225047%1:52
2Cale MakarMark Pysyk1225053%2:06
Penalty Kill 3 Players
Line #WingPHYDFOFWanted %Time %Time PlayDefenseDefensePHYDFOFWanted %Time %Time Play
1Cody Eakin122500%0:00 Jake WalmanMark Pysyk122500%0:00
2Jordan Martinook122500%0:00 Cale MakarTyler Myers122500%0:00
4 vs 4 Forward
Line #CenterWingPHYDFOFWanted %Time %Time Play
1Matt DucheneAnthony Duclair1225067%1:20
2Sam BennettEvgenii Dadonov1225033%0:39
4 vs 4 Defense
Line #DefensePHYDFOFWanted %Time %Time Play
1Cale MakarTyler Myers1225067%50% - 1:20
2Tyler LewingtonMark Pysyk1225033%50% - 0:39
Last Minutes Offensive
Left WingCenterRight WingDefenseDefense
Anthony DuclairMatt DucheneArtem AnisimovCale MakarTyler Myers
Last Minutes Defensive
Left WingCenterRight WingDefenseDefense
Anthony DuclairJordan MartinookCody EakinCale MakarTyler Myers
Time
Total ForwardTotal DefenseLast Minutes OffensiveLast Minutes Defensive
60:00 60:00 0:000:00
Extra Forwards
Normal PowerPlayPenalty Kill
Adam Gaudette, Max Comtois, Jordan MartinookAdam Gaudette, Max ComtoisJordan Martinook
Extra Defensemen
Normal PowerPlayPenalty Kill
Cale Makar, Tyler Myers, Mark PysykTyler Myers, Cale MakarTyler Myers
Penalty Shots
Sam Bennett, Anthony Duclair, Matt Duchene, Artem Anisimov, Evgenii Dadonov
Goalie
Jonathan Bernier, Philipp Grubauer
Custom OT Lines Forwards
Sam Bennett, Anthony Duclair, Matt Duchene, Janne Kuokkanen, Evgenii Dadonov, Blake Comeau, Max Comtois, Jordan Martinook, Cody Eakin, Artem Anisimov
Custom OT Lines Defensemen
Cale Makar, Tyler Myers, Matt Tennyson, Mark Pysyk, Jake Walman
Scratches
Conor Sheary (Healthy), Jordan Szwarz (Healthy), Mark Borowiecki (Healthy)


Play-by-Play

1st period


0:01 of 1st period - Artem Anisimov wins face-off versus Brandon Sutter in neutral zone.
0:04 of 1st period - Nick Leddy is hit by Anthony Duclair and loses puck.
0:17 of 1st period - Icing by Drake Batherson.
0:18 of 1st period - Sam Bennett wins face-off versus Brandon Sutter in Wilds zone.
0:25 of 1st period - Shot by Blake Comeau.
0:25 of 1st period - Stopped by Devan Dubnyk without a rebound.
0:26 of 1st period - Jordan Martinook wins face-off versus Jordan Kyrou in Wilds zone.
0:37 of 1st period - Shot by Jordan Martinook.
0:37 of 1st period - Shot Misses the Net.
0:39 of 1st period - Shot by Matt Tennyson.
0:39 of 1st period - Stopped by Devan Dubnyk without a rebound.
0:40 of 1st period - Nico Sturm wins face-off versus Cody Eakin in Wilds zone.
0:44 of 1st period - Off-side.
0:45 of 1st period - Rasmus Asplund wins face-off versus Sam Bennett in neutral zone.
0:45 of 1st period - Rasmus Asplund is hit by Sam Bennett.
0:51 of 1st period - Shot by Rasmus Asplund.
0:51 of 1st period - Stopped by Jonathan Bernier without a rebound.
0:52 of 1st period - Nico Sturm wins face-off versus Cody Eakin in Golden Knights zone.
1:23 of 1st period - Shot by Charles Hudon.
1:23 of 1st period - Stopped by Jonathan Bernier without a rebound.
1:24 of 1st period - Rasmus Asplund wins face-off versus Sam Bennett in Golden Knights zone.
2:57 of 1st period - Shot by Adam Erne.
2:57 of 1st period - Goal by Adam Erne - Wilds : 1 - Golden Knights : 0.
2:58 of 1st period - Jordan Martinook wins face-off versus Brandon Sutter in neutral zone.
3:07 of 1st period - Shot by Jordan Martinook.
3:07 of 1st period - Deflect By Tanner Jeannot.
3:07 of 1st period - Stopped by Devan Dubnyk without a rebound.
3:08 of 1st period - Jordan Martinook wins face-off versus Nico Sturm in Wilds zone.
3:08 of 1st period - Tanner Jeannot is hit by Kevin Shattenkirk and loses puck.
3:12 of 1st period - Max Comtois is hit by Kevin Shattenkirk and loses puck.
3:19 of 1st period - Shot by Max Comtois.
3:19 of 1st period - Deflect By Tanner Jeannot.
3:19 of 1st period - Stopped by Devan Dubnyk with a rebound.
3:21 of 1st period - Shot by Tanner Jeannot.
3:21 of 1st period - Deflect By Max Comtois.
3:21 of 1st period - Shot Misses the Net.
3:23 of 1st period - Shot by Max Comtois.
3:23 of 1st period - Shot Misses the Net.
3:33 of 1st period - Shot by Tanner Jeannot.
3:33 of 1st period - Stopped by Devan Dubnyk without a rebound.
3:34 of 1st period - Brandon Sutter wins face-off versus Matt Duchene in Wilds zone.
3:43 of 1st period - Shot by Matt Duchene.
3:43 of 1st period - Stopped by Devan Dubnyk without a rebound.
3:44 of 1st period - Cody Eakin wins face-off versus Jordan Kyrou in Wilds zone.
3:51 of 1st period - Shot by Tyler Myers.
3:51 of 1st period - Shot Blocked by Luca Sbisa.
3:56 of 1st period - Off-side.
3:57 of 1st period - Brandon Sutter wins face-off versus Matt Duchene in neutral zone.
4:22 of 1st period - Shot by Anthony Duclair.
4:22 of 1st period - Shot Misses the Net.
4:24 of 1st period - Shot by Anthony Duclair.
4:24 of 1st period - Deflect By Matt Duchene.
4:24 of 1st period - Stopped by Devan Dubnyk with a rebound.
4:26 of 1st period - Shot by Matt Duchene.
4:26 of 1st period - Shot Blocked by Jordie Benn.
4:32 of 1st period - Shot by Anthony Duclair.
4:32 of 1st period - Shot Misses the Net.
5:12 of 1st period - Shot by Jesper Fast.
5:12 of 1st period - Shot Misses the Net.
6:10 of 1st period - Shot by Sam Bennett.
6:10 of 1st period - Shot Blocked by Ethan Bear.
6:32 of 1st period - Shot by Janne Kuokkanen.
6:32 of 1st period - Shot Misses the Net.
6:46 of 1st period - Shot by Adam Gaudette.
6:46 of 1st period - Shot Misses the Net.
6:48 of 1st period - Shot by Adam Gaudette.
6:48 of 1st period - Stopped by Devan Dubnyk without a rebound.
6:49 of 1st period - Rasmus Asplund wins face-off versus Matt Duchene in Wilds zone.
6:53 of 1st period - Jordie Benn is hit by Matt Duchene and loses puck.
8:23 of 1st period - Max Comtois is hit by Nick Leddy.
10:16 of 1st period - Shot by Matt Duchene.
10:16 of 1st period - Deflect By Anthony Duclair.
10:16 of 1st period - Stopped by Devan Dubnyk without a rebound.
10:17 of 1st period - Brandon Sutter wins face-off versus Cody Eakin in Wilds zone.
10:43 of 1st period - Shot by Cody Eakin.
10:43 of 1st period - Stopped by Devan Dubnyk without a rebound.
10:44 of 1st period - Nico Sturm wins face-off versus Matt Duchene in Wilds zone.
11:09 of 1st period - Shot by Bobby Ryan.
11:09 of 1st period - Shot Misses the Net.
11:32 of 1st period - Icing by Cale Makar.
11:33 of 1st period - Brandon Sutter wins face-off versus Matt Duchene in Golden Knights zone.
11:34 of 1st period - Shot by Jason Zucker.
11:34 of 1st period - Deflect By Drake Batherson.
11:34 of 1st period - Stopped by Jonathan Bernier without a rebound.
11:35 of 1st period - Jordan Martinook wins face-off versus Drake Batherson in Golden Knights zone.
11:59 of 1st period - Shot by Drake Batherson.
11:59 of 1st period - Stopped by Jonathan Bernier without a rebound.
12:00 of 1st period - Cody Eakin wins face-off versus Jordan Kyrou in Golden Knights zone.
12:14 of 1st period - Off-side.
12:15 of 1st period - Brandon Sutter wins face-off versus Sam Bennett in neutral zone.
12:24 of 1st period - Shot by Drake Batherson.
12:24 of 1st period - Stopped by Jonathan Bernier with a rebound.
12:26 of 1st period - Shot by Jason Zucker.
12:26 of 1st period - Shot Misses the Net.
12:56 of 1st period - Shot by Sam Bennett.
12:56 of 1st period - Shot Blocked by Luca Sbisa.
13:07 of 1st period - Icing by Cale Makar.
13:08 of 1st period - Sam Bennett wins face-off versus Jordan Kyrou in Golden Knights zone.
13:08 of 1st period - Sam Bennett is hit by Jesper Fast.
13:42 of 1st period - Shot by Jordan Kyrou.
13:42 of 1st period - Deflect By Adam Erne.
13:42 of 1st period - Shot Misses the Net.
13:44 of 1st period - Shot by Adam Erne.
13:44 of 1st period - Stopped by Jonathan Bernier without a rebound.
13:45 of 1st period - Matt Duchene wins face-off versus Josh Leivo in Golden Knights zone.
13:58 of 1st period - Shot by Matt Duchene.
13:58 of 1st period - Shot Blocked by Ethan Bear.
14:00 of 1st period - Shot by Artem Anisimov.
14:00 of 1st period - Stopped by Devan Dubnyk without a rebound.
14:01 of 1st period - Jordan Martinook wins face-off versus Nico Sturm in Wilds zone.
14:04 of 1st period - Shot by Tanner Jeannot.
14:04 of 1st period - Shot Misses the Net.
14:14 of 1st period - Shot by Tanner Jeannot.
14:14 of 1st period - Shot Blocked by Charles Hudon.
14:16 of 1st period - Shot by Jordan Martinook.
14:16 of 1st period - Stopped by Devan Dubnyk without a rebound.
14:17 of 1st period - Anthony Duclair wins face-off versus Rasmus Asplund in Wilds zone.
14:41 of 1st period - Anthony Duclair is hit by Ethan Bear and loses puck.
15:37 of 1st period - Off-side.
15:38 of 1st period - Cody Eakin wins face-off versus Jordan Kyrou in neutral zone.
16:54 of 1st period - Shot by Evgenii Dadonov.
16:54 of 1st period - Shot Misses the Net.
16:56 of 1st period - Shot by Mark Pysyk.
16:56 of 1st period - Shot Blocked by Luca Sbisa.
16:58 of 1st period - Shot by Blake Comeau.
16:58 of 1st period - Shot Misses the Net.
17:00 of 1st period - Shot by Blake Comeau.
17:00 of 1st period - Goal by Blake Comeau - Wilds : 1 - Golden Knights : 1.
17:01 of 1st period - Brandon Sutter wins face-off versus Matt Duchene in neutral zone.
17:01 of 1st period - Drake Batherson is hit by Anthony Duclair.
17:07 of 1st period - Shot by Brandon Sutter.
17:07 of 1st period - Shot Misses the Net.
17:09 of 1st period - Shot by Brandon Sutter.
17:09 of 1st period - Shot Blocked by Matt Tennyson.
17:11 of 1st period - Shot by Jason Zucker.
17:11 of 1st period - Stopped by Jonathan Bernier without a rebound.
17:12 of 1st period - Nico Sturm wins face-off versus Jordan Martinook in Golden Knights zone.
17:27 of 1st period - Shot by Nico Sturm.
17:27 of 1st period - Shot Misses the Net.
17:41 of 1st period - Shot by Bobby Ryan.
17:41 of 1st period - Stopped by Jonathan Bernier without a rebound.
17:42 of 1st period - Brandon Sutter wins face-off versus Matt Duchene in Golden Knights zone.
17:42 of 1st period - Brandon Sutter is hit by Tyler Myers.
17:45 of 1st period - Drake Batherson is hit by Tyler Myers and loses puck.
17:49 of 1st period - Icing by Anthony Duclair.
17:50 of 1st period - Artem Anisimov wins face-off versus Brandon Sutter in Golden Knights zone.
17:50 of 1st period - Artem Anisimov is hit by Drake Batherson.
18:16 of 1st period - Shot by Matt Duchene.
18:16 of 1st period - Shot Misses the Net.
18:20 of 1st period - Shot by Cale Makar.
18:20 of 1st period - Shot Hit the Post.
19:22 of 1st period - Shot by Max Comtois.
19:22 of 1st period - Stopped by Devan Dubnyk with a rebound.
19:24 of 1st period - Shot by Tanner Jeannot.
19:24 of 1st period - Shot Misses the Net.
19:33 of 1st period - Icing by Luca Sbisa.
19:34 of 1st period - Sam Bennett wins face-off versus Nico Sturm in Wilds zone.
19:35 of 1st period - Shot by Jake Walman.
19:35 of 1st period - Shot Hit the Post.
19:55 of 1st period - Shot by Blake Comeau.
19:55 of 1st period - Shot Blocked by Luca Sbisa.
19:57 of 1st period - Shot by Sam Bennett.
19:57 of 1st period - Stopped by Devan Dubnyk without a rebound.
19:58 of 1st period - Cody Eakin wins face-off versus Brandon Sutter in Wilds zone.
Goals for this period are 1 for Wilds vs 1 for Golden Knights.
Shots for this period are 9 for Wilds vs 15 for Golden Knights.

2nd period


0:01 of 2nd period - Cody Eakin wins face-off versus Brandon Sutter in neutral zone.
0:07 of 2nd period - Cody Eakin is hit by Luca Sbisa.
0:09 of 2nd period - Shot by Cale Makar.
0:09 of 2nd period - Shot Hit the Post.
0:54 of 2nd period - Drake Batherson is hit by Tyler Lewington and loses puck.
1:00 of 2nd period - Anthony Duclair is hit by Jason Zucker and loses puck.
1:05 of 2nd period - Shot by Tyler Lewington.
1:05 of 2nd period - Stopped by Devan Dubnyk without a rebound.
1:06 of 2nd period - Sam Bennett wins face-off versus Jesper Fast in Wilds zone.
2:20 of 2nd period - Shot by Matt Duchene.
2:20 of 2nd period - Stopped by Devan Dubnyk with a rebound.
2:56 of 2nd period - Shot by Cale Makar.
2:56 of 2nd period - Shot Misses the Net.
3:10 of 2nd period - Shot by Tanner Jeannot.
3:10 of 2nd period - Shot Misses the Net.
3:20 of 2nd period - Shot by Bobby Ryan.
3:20 of 2nd period - Shot Blocked by Cale Makar.
3:22 of 2nd period - Shot by Bobby Ryan.
3:22 of 2nd period - Shot Blocked by Tyler Myers.
3:24 of 2nd period - Shot by Charles Hudon.
3:24 of 2nd period - Stopped by Jonathan Bernier without a rebound.
3:25 of 2nd period - Brandon Sutter wins face-off versus Cody Eakin in Golden Knights zone.
3:50 of 2nd period - Shot by Drake Batherson.
3:50 of 2nd period - Deflect By Jason Zucker.
3:50 of 2nd period - Shot Blocked by Cody Eakin.
3:52 of 2nd period - Shot by Brandon Sutter.
3:52 of 2nd period - Stopped by Jonathan Bernier without a rebound.
3:53 of 2nd period - Jordan Kyrou wins face-off versus Sam Bennett in Golden Knights zone.
3:54 of 2nd period - Shot by Luca Sbisa.
3:54 of 2nd period - Shot Blocked by Tyler Lewington.
4:04 of 2nd period - Shot by Evgenii Dadonov.
4:04 of 2nd period - Stopped by Devan Dubnyk with a rebound.
4:21 of 2nd period - Icing by Mark Pysyk.
4:22 of 2nd period - Sam Bennett wins face-off versus Brandon Sutter in Golden Knights zone.
4:27 of 2nd period - Shot by Sam Bennett.
4:27 of 2nd period - Stopped by Devan Dubnyk without a rebound.
4:28 of 2nd period - Brandon Sutter wins face-off versus Matt Duchene in Wilds zone.
5:56 of 2nd period - Minor Penalty to Luca Sbisa for Roughing.
5:57 of 2nd period - Sam Bennett wins face-off versus Brandon Sutter in Wilds zone.
6:04 of 2nd period - Shot by Jake Walman.
6:04 of 2nd period - Stopped by Devan Dubnyk without a rebound.
6:05 of 2nd period - Brandon Sutter wins face-off versus Sam Bennett in Wilds zone.
6:27 of 2nd period - Brandon Sutter is hit by Sam Bennett.
6:33 of 2nd period - Shot by Evgenii Dadonov.
6:33 of 2nd period - Shot Misses the Net.
6:54 of 2nd period - Icing by Tyler Myers.
6:55 of 2nd period - Matt Duchene wins face-off versus Rasmus Asplund in Golden Knights zone.
7:08 of 2nd period - Shot by Matt Duchene.
7:08 of 2nd period - Stopped by Devan Dubnyk with a rebound.
7:10 of 2nd period - Shot by Tyler Myers.
7:10 of 2nd period - Shot Misses the Net.
7:12 of 2nd period - Shot by Cale Makar.
7:12 of 2nd period - Shot Misses the Net.
7:14 of 2nd period - Shot by Artem Anisimov.
7:14 of 2nd period - Stopped by Devan Dubnyk with a rebound.
8:02 of 2nd period - Rasmus Asplund is hit by Jordan Martinook and loses puck.
9:17 of 2nd period - Off-side.
9:18 of 2nd period - Cody Eakin wins face-off versus Nico Sturm in neutral zone.
9:21 of 2nd period - Nico Sturm is hit by Cody Eakin and loses puck.
9:31 of 2nd period - Charles Hudon is hit by Tyler Lewington and loses puck.
9:34 of 2nd period - Shot by Charles Hudon.
9:34 of 2nd period - Shot Misses the Net.
9:40 of 2nd period - Shot by Bobby Ryan.
9:40 of 2nd period - Deflect By Nico Sturm.
9:40 of 2nd period - Shot Misses the Net.
10:58 of 2nd period - Shot by Jordan Kyrou.
10:58 of 2nd period - Shot Misses the Net.
11:00 of 2nd period - Shot by Shayne Gostisbehere.
11:00 of 2nd period - Shot Misses the Net.
11:02 of 2nd period - Shot by Jesper Fast.
11:02 of 2nd period - Shot Blocked by Anthony Duclair.
11:46 of 2nd period - Shot by Drake Batherson.
11:46 of 2nd period - Shot Hit the Post.
11:49 of 2nd period - Minor Penalty to Jason Zucker for Holding.
11:50 of 2nd period - Sam Bennett wins face-off versus Brandon Sutter in Wilds zone.
11:59 of 2nd period - Shot by Tyler Myers.
11:59 of 2nd period - Shot Blocked by Jordie Benn.
12:01 of 2nd period - Shot by Tyler Myers.
12:01 of 2nd period - Shot Misses the Net.
12:03 of 2nd period - Shot by Tyler Myers.
12:03 of 2nd period - Shot Misses the Net.
12:07 of 2nd period - Shot by Sam Bennett.
12:07 of 2nd period - Shot Misses the Net.
12:09 of 2nd period - Shot by Sam Bennett.
12:09 of 2nd period - Goal by Sam Bennett - Wilds : 1 - Golden Knights : 2.
12:10 of 2nd period - Rasmus Asplund wins face-off versus Jordan Martinook in neutral zone.
12:12 of 2nd period - Josh Leivo is hit by Tyler Lewington and loses puck.
12:16 of 2nd period - Rasmus Asplund is hit by Mark Pysyk and loses puck.
12:25 of 2nd period - Shot by Anthony Angello.
12:25 of 2nd period - Shot Hit the Post.
13:20 of 2nd period - Off-side.
13:21 of 2nd period - Nico Sturm wins face-off versus Sam Bennett in neutral zone.
13:53 of 2nd period - Shot by Sam Bennett.
13:53 of 2nd period - Stopped by Devan Dubnyk without a rebound.
13:54 of 2nd period - Jordan Kyrou wins face-off versus Matt Duchene in Wilds zone.
13:54 of 2nd period - Shayne Gostisbehere is hit by Anthony Duclair and loses puck.
14:07 of 2nd period - Shot by Jordan Kyrou.
14:07 of 2nd period - Stopped by Jonathan Bernier without a rebound.
14:08 of 2nd period - Cody Eakin wins face-off versus Brandon Sutter in Golden Knights zone.
14:08 of 2nd period - Cody Eakin is hit by Drake Batherson.
14:25 of 2nd period - Minor Penalty to Kevin Shattenkirk for Interference.
14:26 of 2nd period - Matt Duchene wins face-off versus Brandon Sutter in Wilds zone.
15:24 of 2nd period - Shot by Cale Makar.
15:24 of 2nd period - Stopped by Devan Dubnyk without a rebound.
15:25 of 2nd period - Sam Bennett wins face-off versus Rasmus Asplund in Wilds zone.
15:30 of 2nd period - Shot by Cale Makar.
15:30 of 2nd period - Deflect By Sam Bennett.
15:30 of 2nd period - Stopped by Devan Dubnyk without a rebound.
15:31 of 2nd period - Rasmus Asplund wins face-off versus Sam Bennett in Wilds zone.
15:40 of 2nd period - Shot by Tyler Myers.
15:40 of 2nd period - Stopped by Devan Dubnyk without a rebound.
15:41 of 2nd period - Matt Duchene wins face-off versus Brandon Sutter in Wilds zone.
15:46 of 2nd period - Shot by Anthony Duclair.
15:46 of 2nd period - Stopped by Devan Dubnyk with a rebound.
16:04 of 2nd period - Shot by Cale Makar.
16:04 of 2nd period - Stopped by Devan Dubnyk without a rebound.
16:05 of 2nd period - Rasmus Asplund wins face-off versus Sam Bennett in Wilds zone.
16:37 of 2nd period - Shot by Ethan Bear.
16:37 of 2nd period - Shot Misses the Net.
17:02 of 2nd period - Icing by Tyler Myers.
17:03 of 2nd period - Cody Eakin wins face-off versus Jordan Kyrou in Golden Knights zone.
17:03 of 2nd period - Cale Makar is hit by Adam Erne and loses puck.
17:55 of 2nd period - Shot by Drake Batherson.
17:55 of 2nd period - Shot Blocked by Tyler Lewington.
17:57 of 2nd period - Shot by Brandon Sutter.
17:57 of 2nd period - Stopped by Jonathan Bernier without a rebound.
17:58 of 2nd period - Brandon Sutter wins face-off versus Sam Bennett in Golden Knights zone.
18:17 of 2nd period - Shot by Sam Bennett.
18:17 of 2nd period - Shot Misses the Net.
18:25 of 2nd period - Brandon Sutter is hit by Blake Comeau and loses puck.
19:04 of 2nd period - Shot by Max Comtois.
19:04 of 2nd period - Stopped by Devan Dubnyk with a rebound.
19:16 of 2nd period - Jordan Martinook is hit by Drake Batherson and loses puck.
19:57 of 2nd period - Minor Penalty to Matt Duchene for Roughing.
19:57 of 2nd period - Minor Penalty to Luca Sbisa for Interference.
19:58 of 2nd period - Sam Bennett wins face-off versus Jordan Kyrou in Wilds zone.
Goals for this period are 0 for Wilds vs 1 for Golden Knights.
Shots for this period are 4 for Wilds vs 15 for Golden Knights.

3rd period


0:01 of 3rd period - Brandon Sutter wins face-off versus Adam Gaudette in neutral zone.
0:19 of 3rd period - Shot by Anthony Duclair.
0:19 of 3rd period - Shot Blocked by Brandon Sutter.
0:23 of 3rd period - Shot by Anthony Duclair.
0:23 of 3rd period - Shot Misses the Net.
0:35 of 3rd period - Shot by Anthony Duclair.
0:35 of 3rd period - Shot Misses the Net.
0:50 of 3rd period - Off-side.
0:51 of 3rd period - Sam Bennett wins face-off versus Jordan Kyrou in neutral zone.
1:04 of 3rd period - Shot by Jason Zucker.
1:04 of 3rd period - Shot Misses the Net.
1:17 of 3rd period - Sam Bennett is hit by Kevin Shattenkirk and loses puck.
1:27 of 3rd period - Off-side.
1:28 of 3rd period - Brandon Sutter wins face-off versus Adam Gaudette in neutral zone.
2:12 of 3rd period - Shot by Bobby Ryan.
2:12 of 3rd period - Shot Blocked by Matt Tennyson.
2:14 of 3rd period - Shot by Charles Hudon.
2:14 of 3rd period - Stopped by Jonathan Bernier without a rebound.
2:15 of 3rd period - Jordan Kyrou wins face-off versus Sam Bennett in Golden Knights zone.
2:18 of 3rd period - Shot by Jesper Fast.
2:18 of 3rd period - Deflect By Adam Erne.
2:18 of 3rd period - Shot Blocked by Tyler Lewington.
2:44 of 3rd period - Evgenii Dadonov is hit by Luca Sbisa and loses puck.
2:51 of 3rd period - Shot by Evgenii Dadonov.
2:51 of 3rd period - Stopped by Devan Dubnyk without a rebound.
2:52 of 3rd period - Matt Duchene wins face-off versus Rasmus Asplund in Wilds zone.
3:21 of 3rd period - Minor Penalty to Kevin Shattenkirk for Hooking.
3:22 of 3rd period - Sam Bennett wins face-off versus Brandon Sutter in Wilds zone.
3:38 of 3rd period - Shot by Sam Bennett.
3:38 of 3rd period - Stopped by Devan Dubnyk without a rebound.
3:39 of 3rd period - Brandon Sutter wins face-off versus Matt Duchene in Wilds zone.
4:32 of 3rd period - Icing by Sam Bennett.
4:33 of 3rd period - Sam Bennett wins face-off versus Rasmus Asplund in Golden Knights zone.
5:33 of 3rd period - Shayne Gostisbehere is hit by Tyler Myers and loses puck.
6:17 of 3rd period - Off-side.
6:18 of 3rd period - Brandon Sutter wins face-off versus Artem Anisimov in neutral zone.
6:28 of 3rd period - Anthony Duclair is hit by Luca Sbisa and loses puck.
6:43 of 3rd period - Shot by Artem Anisimov.
6:43 of 3rd period - Goal by Artem Anisimov - Wilds : 1 - Golden Knights : 3.
6:44 of 3rd period - Sam Bennett wins face-off versus Jordan Kyrou in neutral zone.
7:10 of 3rd period - Jordie Benn is hit by Jake Walman and loses puck.
7:13 of 3rd period - Shot by Adam Erne.
7:13 of 3rd period - Shot Misses the Net.
7:19 of 3rd period - Shot by Jordan Kyrou.
7:19 of 3rd period - Shot Misses the Net.
7:21 of 3rd period - Shot by Jordan Kyrou.
7:21 of 3rd period - Shot Blocked by Matt Tennyson.
7:22 of 3rd period - Minor Penalty to Matt Tennyson for Tripping.
7:23 of 3rd period - Jordan Martinook wins face-off versus Drake Batherson in Golden Knights zone.
7:38 of 3rd period - Shot by Luca Sbisa.
7:38 of 3rd period - Stopped by Jonathan Bernier without a rebound.
7:39 of 3rd period - Nico Sturm wins face-off versus Jordan Martinook in Golden Knights zone.
7:46 of 3rd period - Shot by Jordan Kyrou.
7:46 of 3rd period - Stopped by Jonathan Bernier without a rebound.
7:47 of 3rd period - Jordan Martinook wins face-off versus Brandon Sutter in Golden Knights zone.
8:02 of 3rd period - Anthony Duclair is hit by Drake Batherson and loses puck.
8:10 of 3rd period - Icing by Drake Batherson.
8:11 of 3rd period - Matt Duchene wins face-off versus Drake Batherson in Wilds zone.
9:08 of 3rd period - Shot by Shayne Gostisbehere.
9:08 of 3rd period - Shot Misses the Net.
9:44 of 3rd period - Shot by Evgenii Dadonov.
9:44 of 3rd period - Stopped by Devan Dubnyk without a rebound.
9:45 of 3rd period - Cody Eakin wins face-off versus Jesper Fast in Wilds zone.
10:10 of 3rd period - Shot by Adam Erne.
10:10 of 3rd period - Shot Blocked by Tyler Myers.
10:30 of 3rd period - Shot by Jason Zucker.
10:30 of 3rd period - Stopped by Jonathan Bernier without a rebound.
10:31 of 3rd period - Brandon Sutter wins face-off versus Matt Duchene in Golden Knights zone.
10:36 of 3rd period - Shot by Drake Batherson.
10:36 of 3rd period - Stopped by Jonathan Bernier without a rebound.
10:37 of 3rd period - Matt Duchene wins face-off versus Nico Sturm in Golden Knights zone.
10:53 of 3rd period - Minor Penalty to Tyler Lewington for Interference.
10:54 of 3rd period - Jordan Martinook wins face-off versus Brandon Sutter in Golden Knights zone.
11:06 of 3rd period - Shot by Brandon Sutter.
11:06 of 3rd period - Shot Blocked by Jake Walman.
11:08 of 3rd period - Shot by Drake Batherson.
11:08 of 3rd period - Deflect By Jason Zucker.
11:08 of 3rd period - Stopped by Jonathan Bernier without a rebound.
11:09 of 3rd period - Jordan Martinook wins face-off versus Nico Sturm in Golden Knights zone.
11:09 of 3rd period - Jordan Martinook is hit by Nico Sturm.
12:30 of 3rd period - Shot by Luca Sbisa.
12:30 of 3rd period - Shot Misses the Net.
12:34 of 3rd period - Shot by Nick Leddy.
12:34 of 3rd period - Shot Blocked by Tyler Myers.
12:36 of 3rd period - Shot by Jason Zucker.
12:36 of 3rd period - Stopped by Jonathan Bernier without a rebound.
12:37 of 3rd period - Brandon Sutter wins face-off versus Jordan Martinook in Golden Knights zone.
12:40 of 3rd period - Shot by Brandon Sutter.
12:40 of 3rd period - Stopped by Jonathan Bernier without a rebound.
12:41 of 3rd period - Jordan Martinook wins face-off versus Brandon Sutter in Golden Knights zone.
13:52 of 3rd period - Off-side.
13:53 of 3rd period - Matt Duchene wins face-off versus Brandon Sutter in neutral zone.
14:35 of 3rd period - Brandon Sutter is hit by Tyler Myers and loses puck.
15:05 of 3rd period - Icing by Shayne Gostisbehere.
15:06 of 3rd period - Cody Eakin wins face-off versus Jordan Kyrou in Wilds zone.
15:44 of 3rd period - Nico Sturm is hit by Matt Tennyson and loses puck.
16:02 of 3rd period - Shot by Charles Hudon.
16:02 of 3rd period - Stopped by Jonathan Bernier without a rebound.
16:03 of 3rd period - Sam Bennett wins face-off versus Brandon Sutter in Golden Knights zone.
16:03 of 3rd period - Sam Bennett is hit by Jason Zucker.
16:10 of 3rd period - Icing by Cale Makar.
16:11 of 3rd period - Brandon Sutter wins face-off versus Sam Bennett in Golden Knights zone.
17:07 of 3rd period - Off-side.
17:08 of 3rd period - Matt Duchene wins face-off versus Nico Sturm in neutral zone.
17:32 of 3rd period - Off-side.
17:33 of 3rd period - Jordan Kyrou wins face-off versus Jordan Martinook in neutral zone.
17:44 of 3rd period - Icing by Jake Walman.
17:45 of 3rd period - Jordan Martinook wins face-off versus Rasmus Asplund in Golden Knights zone.
18:22 of 3rd period - Tanner Jeannot is hit by Ethan Bear.
19:02 of 3rd period - Cale Makar is hit by Bobby Ryan and loses puck.
19:41 of 3rd period - Jesper Fast is hit by Matt Duchene and loses puck.
19:48 of 3rd period - Jordie Benn is hit by Matt Duchene and loses puck.
Goals for this period are 0 for Wilds vs 1 for Golden Knights.
Shots for this period are 9 for Wilds vs 4 for Golden Knights.